 Dungeon Crawl Stone Soup version 0.29-a0-551-gffc1d7fb78 (webtiles) character file.

Game seed: 1181103417279843574

48 MechDurjaeses the Skirmisher (level 3, -7/33 HPs)
             Began as a Hill Orc Fighter on June 5, 2022.
             Mangled by Crazy Yiuf
             ... wielding a +4 quarterstaff of chaos
              (12 damage)
             ... on level 2 of the Dungeon.
             The game lasted 00:02:20 (950 turns).

MechDurjaeses the Skirmisher (Hill Orc Fighter)      Turns: 950, Time: 00:02:20

Health: -7/33      AC:  6    Str: 20    XL:     3   Next: 72%
Magic:  3/3        EV:  9    Int:  8    God:
Gold:   82         SH:  4    Dex: 10    Spells: 2/2 levels left

rFire   . . .      SeeInvis .   a - +0 war axe
rCold   . . .      Faith    .   c - +0 buckler
rNeg    . . .      Spirit   .   b - +0 scale mail
rPois   .          Reflect  .   (no helmet)
rElec   .          Harm     .   (no cloak)
rCorr   .          Rampage  .   (no gloves)
Will    .....                   (no boots)
Stlth   ..........              (no amulet)
HPRegen 0.11/turn               (no ring)
MPRegen 0.08/turn               (no ring)

@: mighty
A: no striking features
a: no special abilities


You were on level 2 of the Dungeon.
You visited 1 branch of the dungeon, and saw 2 of its levels.

You collected 82 gold pieces.

Inventory:

Hand Weapons
 a - a +0 war axe (weapon)
 e - a +0 mace of holy wrath
Armour
 b - a +0 scale mail (worn)
 c - a +0 buckler (worn)
Scrolls
 f - a scroll of enchant weapon {unknown}
 g - a scroll of fear {unknown}
 h - a scroll of torment {unknown}
 i - a scroll of teleportation {unknown}
 j - a scroll of poison {unknown}
Potions
 k - a potion of curing {unknown}
 l - a potion of heal wounds {unknown}
 m - a potion of cancellation {unknown}


   Skills:
 + Level 4.0 Fighting
 * Level 3.9 Axes
 + Level 3.6 Armour
 + Level 3.7 Shields


You had 2 spell levels left.
You didn't know any spells.
Your spell library was empty.

Dungeon Overview and Level Annotations

Branches:
Dungeon (2/15)

Altars:

Annotations:
D:2 Crazy Yiuf


Message History

There is an open door here.
Done exploring.
Done exploring.
Done exploring.
There is a stone staircase leading down here.
You climb downwards.
There is a stone staircase leading up here.
Things that are here:
a +0 dagger; a goblin skeleton
Found a mace.
Found a runed translucent door.
Crazy Yiuf grits, "Ten broken snockshim!"
Things that are here:
a +0 dagger; a goblin skeleton A kobold comes into view.
It is wielding a +0 short sword.
A rat comes into view.
The kobold throws a stone.
The stone barely misses you.
The kobold throws a stone.
The stone hits you but does no damage. The kobold closely misses you.
You block the rat's attack.
You hit the rat.
You kill the rat!
You slash the kobold!
You kill the kobold!
No target in view!
Things that are here:
a +0 dagger; a goblin skeleton You feel very mighty all of a sudden.
Crazy Yiuf says, "Crazy?
Crazy!?
PORCUPINE!"
You open the door.
Crazy Yiuf laughs, "Mama green water!"
You closely miss Crazy Yiuf. You block Crazy Yiuf's attack.
You closely miss Crazy Yiuf. You block Crazy Yiuf's attack.
You barely miss Crazy Yiuf.
Crazy Yiuf hits you with a +4 quarterstaff of chaos!
Crazy Yiuf freezes you.
Crazy Yiuf grits, "Flower fast cower!"
Crazy Yiuf hits you with a +4 quarterstaff of chaos!
* * * LOW HITPOINT WARNING * * *
You closely miss Crazy Yiuf.
Crazy Yiuf hits you with a +4 quarterstaff of chaos!
You die...

#......#######.###########
##..#### ### ###..#
#######....# #####
<..........# #..)#
#######....# #...# #....#
... ####.# #g# #.# ♣♣@♣
#.# ♣.♣♣ #.# ♣♣.♣ #.# ♣.♣♣
#.# ♣♣.♣♣ #.# ♣...♣♣ #.#
♣.PPP♣ #.# #....#
#.###....#


You could see Crazy Yiuf.

Vanquished Creatures
  2 adders (D:2)
  A ball python (D:1)
  3 bats (D:1)
  An endoplasm (D:1)
  A giant cockroach (D:1)
  4 goblins
  A hobgoblin (D:1)
  4 jackals (D:1)
  4 frilled lizards (D:1)
  6 kobolds
  2 rats (D:2)
29 creatures vanquished.

Vanquished Creatures (others)
  A plant (D:2)
1 creature vanquished.

Grand Total: 30 creatures vanquished

Notes
Turn   | Place    | Note
-------+----------+-------------------------------------------
     0 | D:1      | MechDurjaeses the Hill Orc Fighter began the quest for the
                  | Orb.
     0 | D:1      | Reached XP level 1. HP: 19/19 MP: 1/1
    30 | D:1      | You fall into a shaft and drop 1 floor!
    54 | D:2      | Reached XP level 2. HP: 27/27 MP: 2/2
   175 | D:1      | Reached skill level 4 in Fighting
   190 | D:1      | Reached XP level 3. HP: 33/33 MP: 3/3
   852 | D:2      | Found a runed translucent door.
   853 | D:2      | Noticed Crazy Yiuf
   950 | D:2      | Mangled by Crazy Yiuf

Illustrated notes

Levels and vault maps discovered:
D:1:      saegor_arrival_under_anarchy, layout_basic
D:2:      layout_basic, shapermc_ecumenical_altar_hornbeckon, basic_altar,
          uniq_crazy_yiuf_cottage, uniq_sigmund

Skill      XL: |  1  2 |
---------------+-------+-----
Axes           | 3 |  3.9
Fighting       | 4 |  4.0
Armour         | |  3.6
Shields        | |  3.7

Action                   || total
-------------------------++-------
Melee: War axe           ||    66
  Use: Potion            ||     1
Armor: Scale mail        ||    30
Dodge: Dodged            ||    27
Block: Buckler           ||    19

Table legend: (Time is in decaauts)
 A = Elapsed time spent in this place.
 B = Non-inter-level travel time spent in this place.
 C = Inter-level travel time spent in this place.
 D = Time resting spent in this place.
 E = Time spent auto-exploring this place.
 F = Levels seen in this place.
 G = Mean time per level.
                   A        B        C        D        E       F      G
               +--------+--------+--------+--------+--------+-----+--------+
         Total |    974 |    895 |     79 |      0 |    710 |   2 |  487.0 |
       Dungeon |    974 |    895 |     79 |      0 |    710 |   2 |  487.0 |
               +--------+--------+--------+--------+--------+-----+--------+

Top non-repeatable levels by time:
     D:1: 716 daAuts
     D:2: 257 daAuts
